Map: 2000 Atmospheres LE

Players

MCanning - Winner!

  • Race: Protoss Protoss
  • League: Master

Azure

  • Race: Terran Terran
  • League: Grandmaster

VOD

Have the link to the VOD?

Description

Time

  • Played on: April 18, 2022, 2:21 a.m.
  • Length: 8:14
Show
View Real Time Build Order
Export as new Build Order

MCanning Protoss - Winner!

Build Orders: 1 Gate Expand, Blink Stalkers 

Get SALT Encoding   

  12  0:00  Probe  
  13  0:12  Probe  
  14  0:17  Pylon  
  14  0:24  Probe  
  15  0:36  Probe (Chrono Boost), Gateway  
  16  0:47  Assimilator, Probe (Chrono Boost)  
  17  0:52  Probe (Chrono Boost)  
  18  1:03  Probe  
  19  1:15  Probe  
  20  1:22  Nexus  
  20  1:35  Probe, Cybernetics Core  
  21  1:44  Assimilator  
  21  1:47  Probe  
  21  1:52  Pylon  
  22  1:59  Probe  
  23  2:07  Probe  
  23  2:08  Adept (Chrono Boost)  
  23  2:13  Warp Gate  
  26  2:16  Probe  
  26  2:22  Twilight Council  
  27  2:26  Probe (Chrono Boost)  
  28  2:31  Stalker  
  28  2:34  Probe (Chrono Boost)  
  31  2:44  Probe x2 (Chrono Boost)  
  33  2:49  Probe (Chrono Boost)  
  33  2:50  Probe (Chrono Boost)  
  35  2:53  Blink (Chrono Boost)  
  35  3:00  Probe  
  35  3:02  Probe  
  37  3:12  Probe  
  38  3:14  Probe, Gateway  
  38  3:15  Gateway  
  38  3:19  Shield Battery  
  39  3:27  Stalker  
  39  3:29  Probe x2  
  43  3:34  Pylon  
  43  3:41  Pylon  
  43  3:45  Probe  
  43  3:46  Probe  
  45  3:57  Probe  
  45  3:59  Probe  
  47  4:05  Robotics Facility  
  47  4:07  Pylon  
  47  4:08  Assimilator  
  47  4:09  Stalker x2, Probe  
  52  4:11  Probe  
  53  4:21  Probe  
  53  4:24  Probe  
  54  4:27  Stalker  
  55  4:34  Probe  
  55  4:36  Probe  
  57  4:46  Probe  
  57  4:48  Probe, Nexus  
  57  4:49  Pylon  
  57  4:50  Sentry  
  57  4:52  Observer  
  62  4:53  Charge  
  62  5:00  Gateway  
  62  5:01  Gateway  
  62  5:06  Gateway  
  62  5:07  Probe x2, Gateway  
  64  5:19  Probe x2  
  64  5:20  Robotics Bay  
  66  5:24  Pylon  
  66  5:26  Immortal (Chrono Boost)  
  70  5:34  Pylon  
  70  5:38  Pylon  
  70  5:42  Observer, Probe x2  
  72  5:54  Probe x2  
  74  5:57  Dark Shrine, Zealot x3  
  74  5:59  Probe  
  74  6:02  Shield Battery  
  81  6:05  Disruptor (Chrono Boost)  
  81  6:06  Probe (Chrono Boost)  
  81  6:09  Probe (Chrono Boost)  
  81  6:10  Pylon  
  86  6:16  Forge  
  86  6:17  Probe (Chrono Boost)  
  88  6:18  Probe (Chrono Boost)  
  88  6:23  Probe (Chrono Boost), Sentry  
  88  6:25  Probe (Chrono Boost)  
  92  6:28  Shield Battery  
  92  6:31  Disruptor (Chrono Boost), Probe  
  96  6:33  Assimilator, Probe  
  96  6:36  Zealot, Probe  
  96  6:37  Pylon  
  96  6:39  Zealot, Pylon  
  102  6:47  Observer  
  102  6:50  Zealot x4  
  110  6:56  Disruptor (Chrono Boost)  
  110  6:59  Zealot x3  
  119  7:04  Photon Cannon  
  119  7:09  Photon Cannon  
  119  7:14  Dark Templar  
  121  7:21  Zealot  
  121  7:22  Zealot x4  
  131  7:26  Photon Cannon  
  131  7:31  Photon Cannon  
  131  7:36  Observer, Pylon  
  131  7:46  Zealot  
  131  7:50  Pylon  
  133  7:52  Pylon  
  133  7:54  Photon Cannon, Pylon  
  133  7:56  Pylon  
  130  8:08  Zealot x7  
Show
View Real Time Build Order
Export as new Build Order

Azure Terran 

Build Orders: Liberator Opening 

Get SALT Encoding   

  12  0:00  SCV  
  13  0:12  SCV  
  14  0:16  Supply Depot  
  14  0:24  SCV  
  15  0:38  SCV  
  15  0:39  Barracks  
  16  0:43  Refinery  
  16  0:50  SCV  
  17  1:02  SCV  
  18  1:14  SCV  
  19  1:26  Marine  
  19  1:27  Orbital Command  
  20  1:39  Command Center  
  20  1:53  Factory, SCV  
  21  2:02  Barracks Reactor  
  21  2:06  SCV  
  22  2:10  Supply Depot  
  22  2:18  SCV  
  22  2:20  Bunker  
  23  2:24  Refinery  
  23  2:31  SCV  
  24  2:41  Starport  
  28  2:44  Hellion x2  
  28  2:48  SCV  
  29  2:54  Orbital Command  
  29  3:00  SCV  
  32  3:05  Hellion  
  32  3:09  Hellion  
  32  3:12  SCV  
  37  3:21  SCV  
  37  3:26  Liberator  
  38  3:29  Supply Depot  
  39  3:34  SCV  
  39  3:35  SCV  
  39  3:37  Factory Tech Lab, Marine x2  
  42  3:46  SCV  
  42  3:47  SCV  
  44  3:58  SCV  
  44  3:59  SCV  
  44  4:01  Siege Tank  
  49  4:04  Marine  
  49  4:05  Barracks, Marine  
  49  4:06  Barracks  
  51  4:10  SCV  
  51  4:14  SCV  
  53  4:22  Marine  
  54  4:25  SCV, Marine  
  54  4:26  SCV  
  52  4:36  Supply Depot  
  52  4:37  Engineering Bay, SCV  
  52  4:38  Supply Depot  
  53  4:39  SCV  
  53  4:45  Refinery  
  54  4:53  Barracks Tech Lab  
  54  4:54  Barracks Tech Lab  
  54  4:57  Siege Tank, SCV x2, Marine x2  
  61  5:00  Supply Depot  
  61  5:04  Terran Infantry Weapons Level 1  
  61  5:09  SCV  
  61  5:10  SCV  
  61  5:12  Marine x2  
  61  5:13  Combat Shield, Stimpack  
  65  5:15  Marine x2  
  65  5:21  Barracks x2  
  67  5:27  SCV  
  68  5:29  SCV  
  68  5:30  Marine x2  
  68  5:33  Marine x2  
  68  5:34  Refinery, Siege Tank  
  76  5:39  SCV  
  76  5:41  SCV  
  78  5:48  Starport Reactor  
  78  5:57  Supply Depot  
  78  5:59  Supply Depot  
  78  6:16  Supply Depot  
  78  6:17  Supply Depot  
  78  6:18  Marine x6  
  78  6:19  SCV x2  
  78  6:20  Supply Depot x2  
  78  6:21  Siege Tank  
  78  6:24  Medivac x2  
  93  6:31  SCV  
  94  6:37  Marine x6  
  100  6:54  Medivac x2  
  101  6:55  SCV, Marine x6  
  108  7:13  Marine x3  
  108  7:14  Marine x2  
  108  7:15  Marine  
  111  7:21  Siege Tank  
  114  7:24  SCV  
  115  7:31  Marine x5  
  115  7:32  Marine  
  120  7:48  Marine x3  
  120  7:49  Marine x2  
  120  7:50  Marine  
  126  7:57  Missile Turret  
Tags
 
Add a new tag
Caveats
  • Supply blocks, unpowered buildings, or Contaminate may cause inaccurate times.
  • Supply counts are checked every 10 seconds.